 Dungeon Crawl Stone Soup version 0.31.0-32-g396128a36d (webtiles) character file.

Game seed: 15146266358556352658

47530 wWBigheadWw the Severer (level 14, -6/141 HPs)
             Began as a Minotaur Berserker on Apr 11, 2024.
             Was a High Priest of Trog.
             Mangled by a wyvern (11 damage)
             ... on level 5 of the Lair of Beasts on Apr 12, 2024.
             The game lasted 01:00:14 (16045 turns).

wWBigheadWw the Severer (Minotaur Berserker)       Turns: 16045, Time: 01:00:14

Health: -6/141     AC: 28    Str: 27    XL:     14   Next: 8%
Magic:  13/13      EV:  9    Int:  4    God:    Trog [*****.]
Gold:   1243       SH:  3    Dex: 10    Spells: 13/13 levels left

rFire   + . .        F - +5 war axe "Minotaur's Peril" {vamp, rPois rC- rN+}
rCold   x . .        K - +0 buckler
rNeg    + . .        l - +8 chain mail of Disappointment {rElec}
rPois   +            (helmet restricted)
rElec   +            L - +2 cloak
rCorr   .            N - +0 pair of gloves
SInv    .            z - +0 pair of boots
Will    +....        A - amulet of regeneration Stlth
                     g - ring of protection from fire
HPRegen 1.23/turn    v - ring of poison resistance
MPRegen 0.13/turn

%: no passive effects
@: about to teleport, on berserk cooldown, slowed, very slow
A: horns 2, retaliatory headbutt
a: Renounce Religion, Berserk, Trog's Hand, Brothers in Arms


You were on level 5 of the Lair of Beasts.
You worshipped Trog.
Trog was extremely pleased with you.
You visited 2 branches of the dungeon, and saw 17 of its levels.
You also visited: Sewer and Ossuary.

You collected 1243 gold pieces.

Inventory:

Hand Weapons
 F - the +5 war axe "Minotaur's Peril" (weapon) {vamp, rPois rC- rN+}
   (You found it on level 8 of the Dungeon)

   rC-:       It makes you vulnerable to cold.
   rPois:     It protects you from poison rN+: It protects you from negative
   energy.
 S - a +0 broad axe
Armour
 l - the +8 chain mail of Disappointment (worn) {rElec}
   (You found it on level 3 of the Dungeon)

   rElec:     It insulates you from electricity.
 z - a +0 pair of boots (worn)
 K - a +0 buckler (worn)
 L - a +2 cloak (worn)
 M - a +0 plate armour
 N - a +0 pair of gloves (worn)
Jewellery
 f - a ring of positive energy
 g - a ring of protection from fire (left hand)
 v - a ring of poison resistance (right hand)
 A - an amulet of regeneration (around neck)
 J - an amulet of reflection
 O - a ring of see invisible
 R - a +4 ring of protection
 W - a +6 ring of strength
Talismans
 U - a serpent talisman
Wands
 c - a wand of iceblast (7)
 q - a wand of acid (10)
 y - a wand of flame (47)
 C - a wand of polymorph (4)
 G - a wand of charming (9)
 T - a wand of mindburst (2)
Scrolls
 a - 3 scrolls of enchant weapon
 d - 2 scrolls of silence
 e - a scroll of acquirement
 j - 5 scrolls of teleportation
 k - 6 scrolls of blinking
 n - a scroll of fear
 p - 6 scrolls of enchant armour
 t - 24 scrolls of identify
 u - 3 scrolls of fog
 w - 3 scrolls of vulnerability
 B - 2 scrolls of revelation
 E - 3 scrolls of immolation
 X - a scroll of brand weapon
 Y - a scroll of poison
Potions
 b - 3 potions of attraction
 h - 2 potions of lignification
 i - 3 potions of haste
 m - 3 potions of degeneration
 o - 4 potions of enlightenment
 r - a potion of magic
 s - 7 potions of curing
 D - 3 potions of heal wounds
 H - 2 potions of resistance
 I - 2 potions of berserk rage
 P - a potion of mutation {unknown}
 Q - a potion of cancellation {unknown}
 Z - a potion of brilliance {unknown}


   Skills:
 + Level 17.8 Fighting
 - Level 18.3 Axes
 + Level 15.1 Armour
 - Level 2.1 Dodging


You had 13 spell levels left.
You didn't know any spells.
Your spell library was empty.

Dungeon Overview and Level Annotations

Branches:
Dungeon (13/15) Temple (0/1) D:7 Lair (3/5) D:8 Shoals (0/4) Lair:2 Spider (0/4) Lair:2 Slime (0/5) Lair:5 Orc (0/2) D:10 Vaults (0/5) D:12 D:13 Sewer (visited) Ossuary (visited)

Altars:
Cheibriados
Elyvilon
Fedhas
Gozag
Hepliaklqana
Kikubaaqudgha
Makhleb
Nemelex Xobeh
Okawaru
Qazlal
Uskayaw
Xom
Zin
The Shining One
Jiyva

Shops:
D:7 [

Portals:
Trove: D:11 (show slimy rune of Zot)


Innate Abilities, Weirdness & Mutations

You have a pair of horns on your head.
You reflexively headbutt those who attack you in melee.


Message History

* * * LOW HITPOINT WARNING * * *
The 12-headed hydra closely misses you. The 12-headed hydra bites you!
* * * LOW HITPOINT WARNING * * *
The 12-headed hydra bites you.
* * * LOW HITPOINT WARNING * * *
The 12-headed hydra bites you but does no damage. x2
The 12-headed hydra bites you.
* * * LOW HITPOINT WARNING * * *
The 12-headed hydra bites you but does no damage.
The 12-headed hydra closely misses you. x2
The basilisk bites you but does no damage.
The hell hound bites you but does no damage.
You lop one of the 12-headed hydra's heads off!
The 11-headed hydra grows two more!
You slash the 13-headed hydra!
You feel better.
Your headbutt misses the 13-headed hydra.
The 13-headed hydra is severely wounded.
You slash the wyvern!
You feel better.
You closely miss the wyvern. You slash the hell hound! You slash the basilisk!
You feel better.
The wyvern bites you but does no damage.
The wyvern closely misses you.
The hell hound bites you but does no damage.
The 13-headed hydra barely misses you. You block the 13-headed hydra's attack.
The 13-headed hydra bites you!
* * * LOW HITPOINT WARNING * * *
The 13-headed hydra barely misses you.
The 13-headed hydra bites you but does no damage. x2
The 13-headed hydra bites you.
* * * LOW HITPOINT WARNING * * *
The 13-headed hydra bites you.
* * * LOW HITPOINT WARNING * * *
The 13-headed hydra closely misses you. x2
The 13-headed hydra bites you but does no damage.
The 13-headed hydra bites you.
* * * LOW HITPOINT WARNING * * *
You block the 13-headed hydra's attack. The wyvern bites you.
* * * LOW HITPOINT WARNING * * *
The basilisk bites you but does no damage.
The wyvern bites you!
You die...

.................P...#.##..#.....
...P.....#..................##...
...........................###...
....(....................
.........................
.....!.............##....
...!.#.............##.#..
......†††h...##########..
........@lk.## #...
.......kkDl..# #...
.............# #...
.$...........# #...
.............D. #...
...........#.### #...
...........### ###. .P...#.####
##


You could see a 13-headed hydra, a seven-headed hydra, 2 basilisks, a hell hound
and 3 wyverns.

Vanquished Creatures
  Nessos (D:12)
  Azrael (D:12)
  A centaur warrior (D:13)
  4 hydras
  A catoblepas (Lair:3)
  2 boulder beetles (D:13)
  4 two-headed ogres
  3 occultists (D:13)
  A skyshark (Lair:2)
  5 arcanists (D:13)
  The ghost of Econoterrorist the Carver, a novice MiFi (D:7)
  A deep elf pyromancer (D:12)
  A necromancer (D:10)
  An orc knight (D:13)
  An oklob plant (Lair:1)
  A cyclops (D:13)
  3 meliai (D:11)
  Maurice (D:7)
  5 black mambas
  A merfolk siren (Lair:2)
  9 cane toads
  Jeremiah (D:9)
  5 rime drakes
  2 unseen horrors (D:12)
  4 komodo dragons
  4 polar bears
  4 trolls
  Prince Ribbit (D:8)
  2 hornets
  3 blink frogs (Lair:2)
  14 slime creatures
  A raiju (shapeshifter) (D:13)
  16 humans
  14 yaks
  7 wyverns
  4 fire elementals (D:12)
  2 wraiths
  3 basilisks (Lair:5)
  5 vampire mosquitoes
  2 steam dragons (D:9)
  A warg (D:10)
  3 acid dragons
  Duvessa (D:7)
  10 water moccasins
  2 hell hounds (D:12)
  3 orc warriors
  4 ice beasts
  2 black bears
  A sky beast (D:7)
  An ogre (D:7)
  25 wolves
  2 centaurs
  2 phantoms
  2 kobold brigands
  A brain worm (Sewer)
  9 bullfrogs
  2 gnoll sergeants
  5 scorpions
  8 wights
  Dowan (D:7)
  11 killer bees
  3 jellies
  An electric eel (Lair:5)
  4 howler monkeys
  A bombardier beetle (D:8)
  5 bullfrog zombies (Ossuary)
  6 orc priests
  3 hounds
  A gnoll bouda (D:4)
  5 mummies (Ossuary)
  Ijyb (D:3)
  Jessica (D:3)
  17 orc wizards
  2 hell rats (Lair:5)
  A polar bear simulacrum (D:10)
  5 yak simulacra (D:10)
  3 wolf simulacra (D:10)
  4 crocodile zombies (Ossuary)
  4 hound zombies (Ossuary)
  4 howler monkey zombies (Ossuary)
  13 gnolls
  11 adders
  6 river rats
  2 shadow imps
  4 dart slugs
  3 ribbon worms
  39 orcs
  8 ball pythons
  4 endoplasms
  4 giant cockroaches
  7 hobgoblins
  10 jackals
  6 quokkas
  6 ball python zombies (Ossuary)
  11 bats
  13 frilled lizards
  29 goblins
  2 goblin zombies (D:7)
  18 kobolds
  4 rats (D:1)
  2 river rat simulacra (D:10)
511 creatures vanquished.

Vanquished Creatures (collateral kills)
  Erica (D:8)
  A water moccasin (D:8)
2 creatures vanquished.

Vanquished Creatures (others)
  A human (D:6)
1 creature vanquished.

Grand Total: 514 creatures vanquished

Notes
Turn   | Place    | Note
-------+----------+-------------------------------------------
     0 | D:1      | wWBigheadWw the Minotaur Berserker began the quest for the
                  | Orb.
     0 | D:1      | Reached XP level 1. HP: 19/19 MP: 0/0
   119 | D:1      | Reached skill level 4 in Axes
   160 | D:1      | Reached XP level 2. HP: 26/26 MP: 1/1
   316 | D:1      | Reached skill level 5 in Axes
   355 | D:1      | Reached ** piety under Trog
   413 | D:1      | Reached XP level 3. HP: 30/31 MP: 2/2
   656 | D:1      | Identified a scroll of acquirement
  1367 | D:3      | Noticed Jessica
  1371 | D:3      | Killed Jessica
  1372 | D:3      | Reached skill level 6 in Axes
  1372 | D:3      | Reached XP level 4. HP: 39/39 MP: 3/3
  1563 | D:3      | Identified the +8 chain mail of Disappointment {rElec}
  1615 | D:3      | Noticed a scorpion
  1629 | D:3      | Killed a scorpion
  1630 | D:3      | Reached skill level 7 in Axes
  1630 | D:3      | Reached XP level 5. HP: 45/45 MP: 4/4
  1631 | D:3      | Found a glowing drain.
  1652 | Sewer    | Entered a sewer
  1682 | Sewer    | Reached *** piety under Trog
  1702 | Sewer    | Reached skill level 8 in Axes
  1705 | Sewer    | Reached XP level 6. HP: 51/51 MP: 5/5
  2311 | D:3      | Found a blossoming altar of Fedhas.
  2574 | D:3      | Noticed Ijyb
  2601 | D:3      | HP: 1/76 [Ijyb/bolt of acid (12)]
  2964 | D:3      | Killed Ijyb
  2965 | D:3      | Reached skill level 9 in Axes
  3392 | D:4      | Reached XP level 7. HP: 57/57 MP: 6/6
  3809 | D:4      | Reached skill level 10 in Axes
  4030 | D:5      | Entered Level 5 of the Dungeon
  4059 | D:5      | Found a shimmering altar of Xom.
  4437 | D:5      | Reached **** piety under Trog
  4692 | D:5      | Reached skill level 11 in Axes
  4728 | D:5      | Reached skill level 5 in Fighting
  4756 | D:5      | Reached XP level 8. HP: 68/68 MP: 7/7
  5310 | D:6      | Identified the +0 scale mail of Sin {rC+}
  5360 | D:6      | Reached skill level 12 in Axes
  5559 | D:6      | Found an ancient bone altar of Kikubaaqudgha.
  5587 | D:6      | Found an iron altar of Okawaru.
  5679 | D:6      | You fall into a shaft and drop 3 floors!
  5817 | D:9      | Found a flagged portal.
  5836 | D:9      | Found a glowing silver altar of Zin.
  5846 | D:9      | Reached XP level 9. HP: 63/81 MP: 8/8
  6212 | D:7      | Found Xehibb's Antique Armour Shoppe.
  6228 | D:7      | Noticed Duvessa
  6228 | D:7      | Noticed Dowan
  6237 | D:7      | Killed Dowan
  6238 | D:7      | Reached skill level 13 in Axes
  6241 | D:7      | Killed Duvessa
  6354 | D:7      | Found a staircase to the Ecumenical Temple.
  6381 | D:7      | Found a sand-covered staircase.
  6392 | Ossuary  | Entered an ossuary
  6643 | Ossuary  | Reached ***** piety under Trog
  6994 | D:6      | Reached skill level 10 in Fighting
  7009 | D:6      | Found a hide-covered altar of Uskayaw.
  7172 | D:6      | Found an opulent altar of Gozag.
  7542 | D:7      | Reached skill level 14 in Axes
  7813 | D:7      | Noticed Maurice
  7824 | D:7      | Reached XP level 10. HP: 93/94 MP: 9/9
  7826 | D:7      | Something stole an amulet of reflection
  7830 | D:7      | Something stole 189 gold
  7832 | D:7      | Something stole 271 gold
  7860 | D:7      | Killed Maurice
  8060 | D:7      | Found a runed translucent door.
  8061 | D:7      | Noticed Econoterrorist's ghost (novice MiFi)
  8075 | D:7      | Killed Econoterrorist's ghost
  8438 | D:8      | Noticed Prince Ribbit
  8446 | D:8      | Killed Prince Ribbit
  8447 | D:8      | Reached skill level 5 in Armour
  8606 | D:8      | Found a staircase to the Lair.
  8625 | D:8      | Noticed Erica
  8642 | D:8      | Killed Erica
  8643 | D:8      | Reached skill level 15 in Axes
  9067 | D:8      | Identified the +5 war axe "Minotaur's Peril" {vamp, rPois
                  | rC- rN+}
  9141 | D:8      | Found a snail-covered altar of Cheibriados.
  9176 | D:8      | Found a sparkling altar of Nemelex Xobeh.
  9556 | D:9      | Reached XP level 11. HP: 104/104 MP: 10/10
  9733 | D:9      | Found a hazy altar of Hepliaklqana.
  9733 | D:9      | Found a stormy altar of Qazlal.
  9777 | D:9      | Noticed a two-headed ogre
  9782 | D:9      | Killed a two-headed ogre
  9832 | D:9      | Noticed Jeremiah
  9843 | D:9      | Killed Jeremiah
 10028 | D:9      | Found a glowing golden altar of the Shining One.
 10184 | D:10     | Entered Level 10 of the Dungeon
 10315 | D:10     | Found a white marble altar of Elyvilon.
 10378 | D:10     | Found a staircase to the Orcish Mines.
 10628 | D:10     | Found a burning altar of Makhleb.
 10702 | D:10     | Noticed a necromancer
 10718 | D:10     | Killed a necromancer
 10719 | D:10     | Reached skill level 16 in Axes
 10751 | D:10     | Received a gift from Trog
 11599 | D:11     | Found a portal to a secret trove of treasure.
 12120 | D:12     | Reached skill level 10 in Armour
 12120 | D:12     | Reached XP level 12. HP: 116/116 MP: 11/11
 12172 | D:12     | Noticed Azrael
 12184 | D:12     | Killed Azrael
 12672 | D:13     | Noticed a two-headed ogre
 12672 | D:13     | Noticed Nessos
 12672 | D:13     | Found a gate to the Vaults.
 12689 | D:12     | Reached skill level 17 in Axes
 12700 | D:12     | Killed Nessos
 12726 | D:13     | Killed a two-headed ogre
 12727 | D:13     | Reached skill level 15 in Fighting
 12727 | D:13     | Noticed a boulder beetle
 12775 | D:13     | Killed a boulder beetle
 12851 | D:13     | Noticed a two-headed ogre
 12851 | D:13     | Noticed a centaur warrior
 12856 | D:13     | Killed a centaur warrior
 12858 | D:13     | Killed a two-headed ogre
 13209 | D:13     | Reached XP level 13. HP: 125/127 MP: 12/12
 13251 | D:13     | Reached skill level 18 in Axes
 13318 | D:13     | Identified the +0 robe of Greed {MP+9}
 13862 | Lair:1   | Entered Level 1 of the Lair of Beasts
 14574 | Lair:2   | Found a hole to the Spider Nest.
 14659 | Lair:2   | Received a gift from Trog
 15214 | Lair:2   | Found a staircase to the Shoals.
 15364 | Lair:3   | Found the sphere of Battle
 15489 | Lair:3   | You fall into a shaft and drop 2 floors!
 15489 | Lair:5   | Entered Level 5 of the Lair of Beasts
 15537 | Lair:5   | Found a viscous altar of Jiyva.
 15549 | Lair:5   | Found a staircase to the Slime Pits.
 15870 | Lair:5   | Reached XP level 14. HP: 135/141 MP: 13/13
 16010 | Lair:5   | Reached skill level 15 in Armour
 16045 | Lair:5   | HP: 5/141 [wyvern (6)]
 16045 | Lair:5   | Mangled by a wyvern

Illustrated notes

Levels and vault maps discovered:
D:1:      nagdon_arrival_double_spiral, layout_rooms, minmay_unequal
D:2:      layout_loops_ring
D:3:      kennysheep_goblin_castle, layout_rooms, fedhas_altar_3,
          cheibrodos_sewer_entry_sluice, minmay_lizard_king, uniq_jessica
D:4:      kennysheep_the_goblin_king, layout_loops_ring
D:5:      layout_basic, nicolae_overflow_hidden_temple
D:6:      layout_rooms, tgw_kikubaaqudgha, okawaru_gym_becter,
          mainiacjoe_overflow_alcove_4, nicolae_uskayaw_dance_hall
D:7:      layout_basic, minmay_temple_entry_purple_smoke, enter_ossuary_4,
          gammafunk_ghost_grave, serial_shops, shop, uniq_maurice, uniq_duvessa
D:8:      layout_loops_ring, slow_altar_1, lemuel_doored_altar,
          minmay_lair_entry_grove, st_stairs_7, billiards_dpeg, uniq_erica,
          uniq_prince_ribbit1
D:9:      layout_loops_corners, mainiacjoe_overflow_catwalk,
          kennysheep_mini_moat, nicolae_overflow_two_pavilions, enter_bailey_3,
          uniq_jeremiah
D:10:     layout_roguey, lemuel_crystal_altar, kennysheep_little_box,
          minmay_orc_entry_guard_dogs, eino_house_with_fridge
D:11:     layout_layer_cave, nicolae_trove_entry_columns, bh_walls_and_bars
D:12:     layout_long_grid, uniq_azrael
D:13:     minmay_wizard_corner, layout_cave_pods, david_vaults_3,
          grunt_ministairs_14
Lair:1:   layout_roguey, minmay_hedge_maze, infiniplex_staircase_pool_2
Lair:2:   layout_chaotic_city, elwin_shoals_entry_rooms, dummy_spider_entry,
          grunt_megastairs_5
Lair:3:   layout_roguey, nicolae_lair_lindhole, lemuel_fruit_tree
Lair:5:   due_jungle_book, layout_gridlike, nicolae_slime_entry_field_trip,
          special_room [special_room_mythical_zoo], serial_bayou_shore_b,
          grunt_megastairs_4

Skill      XL: |  1  2  3  4  5  6  7  8  9 10 11 12 13 14 |
---------------+-------------------------------------------+-----
Axes           | 4 5 6 7 8 9 11 12 14 15 16 17 18 | 18.3
Fighting       | 5 8 10 12 13 15 17 | 17.8
Armour         | 3 7 10 12 14 15 | 15.1
Dodging        | |  2.1

Action                     |  1- 3 |  4- 6 |  7- 9 | 10-12 | 13-15 || total
---------------------------+-------+-------+-------+-------+-------++-------
  Melee: Hand axe          |    70 |   182 |   134 |       |       ||   386
         Headbutt          |    11 |    23 |    69 |    81 |    69 ||   253
         War axe           |       |       |   247 |   489 |   300 ||  1036
         Punch             |       |       |     2 |       |       ||     2
 Invoke: Berserk           |       |     5 |     4 |     6 |     6 ||    21
         Trog's Hand       |       |     1 |       |     5 |       ||     6
         Brothers in Arms  |       |       |       |     1 |       ||     1
    Use: Scroll            |    10 |     6 |     8 |     1 |     1 ||    26
 Armour: Animal skin       |    46 |       |       |       |       ||    46
         Ring mail         |     4 |    10 |       |       |       ||    14
         Chain mail        |       |   111 |   273 |   455 |   445 ||  1284
  Dodge: Dodged            |    59 |    99 |   116 |   192 |   132 ||   598
  Block: Other             |       |       |       |     7 |       ||     7
         Buckler           |       |       |       |    50 |    48 ||    98
